 Dungeon Crawl Stone Soup version 0.30-a0-964-gd452b5e7fa (webtiles) character file.

Game seed: 11191977819566098901

79 vishdafish the Conjurer (level 4, 30/30 HPs)
             Began as a Demonspawn Conjurer on Mar 30, 2023.
             Quit the game on level 2 of the Dungeon.
             The game lasted 00:02:45 (1753 turns).

vishdafish the Conjurer (Demonspawn Conjurer)       Turns: 1753, Time: 00:02:46

Health: 30/30      AC:  3    Str:  7    XL:     4   Next: 17%
Magic:  8/8        EV: 12    Int: 21    God:
Gold:   80         SH:  0    Dex: 12    Spells: 8/9 levels left

rFire   . . .      SeeInvis .    b - +1 dagger (venom)
rCold   . . .      Faith    .    (no shield)
rNeg    . . .      Spirit   .    a - +0 robe
rPois   .          Reflect  .    d - +0 helmet
rElec   .          Rampage  .    (no cloak)
rCorr   .                        (no gloves)
Will    .....                    (no boots)
Stlth   ++                       (no amulet)
HPRegen 0.25/turn                (no ring)
MPRegen 0.11/turn                (no ring)

@: no status effects
A: claws 1, demonic magic 1
a: no special abilities


You were on level 2 of the Dungeon.
You visited 1 branch of the dungeon, and saw 2 of its levels.

You collected 80 gold pieces.

Inventory:

Hand Weapons
 b - a +1 dagger of venom (weapon)
Armour
 a - a +0 robe (worn)
 d - a +0 helmet (worn)
Scrolls
 c - 2 scrolls of identify {unknown}
 e - 2 scrolls of magic mapping {unknown}
 f - a scroll of immolation {unknown}
 g - a scroll of blinking {unknown}


   Skills:
 - Level 1.7 Dodging
 - Level 1.7 Stealth
 + Level 3.2 Spellcasting
 + Level 4.9 Conjurations


You had 8 spell levels left.
You knew the following spells:

 Your Spells              Type           Power      Damage    Failure   Level
a - Magic Dart            Conj           96%        1d7       1%          1

Your spell library contained the following spells:

 Spells                   Type           Power      Damage    Failure   Level
 Searing Ray              Conj           48%        2d6       2%          2
 Dazzling Flash           Conj/Hex       26%        N/A       14%         3
 Ensorcelled Hibernation  Hex/Ice        6%         N/A       21%         2
 Passwall                 Tmut/Erth      2%         N/A       21%         2
 Swiftness                Air            3%         N/A       36%         3
 Fulminant Prism          Conj/Hex       6%         3d7       43%         4
 Iskenderun's Mystic Bla  Conj/Tloc      13%        2d5       43%         4


Dungeon Overview and Level Annotations

Branches:
Dungeon (2/15)

Altars:


Innate Abilities, Weirdness & Mutations

You have sharp fingernails.
Spells you cast may paralyse adjacent enemies.


Message History

The gnoll is severely wounded.
The gnoll hits you with a +0 spear.
You closely miss the gnoll.
The gnoll is severely wounded.
You kill the gnoll!
Your Spellcasting skill increases to level 3!
Things that are here:
a +0 spear; a gnoll corpse You open the door.
There is an open door here.
There is an open door here.
e - a scroll labelled QIMISO PYIPPUCH You now have 80 gold pieces (gained 11).
Natasha, Servant of Life and Death comes into view.
Found a scroll labelled QIEMADOOJA.
Natasha hisses angrily.
Natasha is nearby!
Natasha is nearby!
The magic dart hits Natasha.
Natasha is moderately wounded.
The magic dart hits Natasha but does no damage.
Natasha is moderately wounded.
The magic dart hits Natasha.
Natasha is heavily wounded.
Natasha barely misses you.
The magic dart hits Natasha.
Natasha is almost dead.
Natasha hisses.
Natasha claws you.
The magic dart hits Natasha.
You kill Natasha!
Natasha screams in pain as she dies!
You have reached level 4!
You feel agile.
Your demonic ancestry asserts itself...
A menacing aura infuses your magic.
You see here the felid corpse of Natasha.
g - a scroll labelled QIEMADOOJA
e - 2 scrolls labelled QIMISO PYIPPUCH (gained 1)
A frilled lizard comes into view.
Are you sure you want to abandon this character and quit the game? (Confirm with "yes".)

.# .# .# ##.# ...#
....#####..#
......l...#####. ..
#@......: #### #.
###.##.###. #... #.
#...>..###. #.##
#.####.###..##.. #.# #.#.
#.............<###.# #.##
##..###.###..##.....#
#.## #.......#
#...#..#..# #.#
#.#.###.###..<#.....###.#
#.#.# #..............##.#


You could see a frilled lizard (asleep).

Vanquished Creatures
  Natasha (D:2)
  A gnoll (D:2)
  An adder (D:2)
  An endoplasm (D:1)
  2 giant cockroaches
  7 goblins
  4 hobgoblins
  5 jackals
  3 kobolds
  2 ball pythons (D:1)
  2 bats (D:1)
  2 frilled lizards (D:1)
  3 rats
34 creatures vanquished.

Vanquished Creatures (others)
  A plant (D:2)
1 creature vanquished.

Grand Total: 35 creatures vanquished

Notes
Turn   | Place    | Note
-------+----------+-------------------------------------------
     0 | D:1      | vishdafish the Demonspawn Conjurer began the quest for the
                  | Orb.
     0 | D:1      | Reached XP level 1. HP: 13/13 MP: 3/3
   401 | D:1      | Gained mutation: You have sharp fingernails. [demonic
                  | ancestry]
   401 | D:1      | Reached XP level 2. HP: 19/19 MP: 1/5
  1313 | D:2      | Reached XP level 3. HP: 24/24 MP: 2/7
  1466 | D:2      | Found a faded altar of an unknown god.
  1667 | D:2      | Noticed Natasha
  1672 | D:2      | Killed Natasha
  1673 | D:2      | Gained mutation: Spells you cast may paralyse adjacent
                  | enemies. [demonic ancestry]
  1673 | D:2      | Reached XP level 4. HP: 25/30 MP: 2/8
  1753 | D:2      | Quit the game

Illustrated notes

Levels and vault maps discovered:
D:1:      dpeg_chamrin_arrival_tetris, layout_loops_ring, minivault_23,
          chequers_hall_statues_y, grunt_decor_cap
D:2:      layout_loops_ring, shapermc_ecumenical_altar_acropolis,
          minmay_box_of_dots, uniq_natasha

Skill      XL: |  1  2  3 |
---------------+----------+-----
Spellcasting   | 3 |  3.2
Dodging        | |  1.7
Stealth        | |  1.7
Conjurations   | |  4.9

Action                     |  1- 3 |  4- 6 || total
---------------------------+-------+-------++-------
  Melee: Unarmed           |     5 |       ||     5
         Dagger            |    11 |       ||    11
   Cast: Magic Dart        |    69 |       ||    69
    Use: Potion            |     2 |       ||     2
 Armour: Robe              |    12 |       ||    12
  Dodge: Dodged            |    22 |       ||    22

Table legend: (Time is in decaauts)
 A = Elapsed time spent in this place.
 B = Non-inter-level travel time spent in this place.
 C = Inter-level travel time spent in this place.
 D = Time resting spent in this place.
 E = Time spent auto-exploring this place.
 F = Levels seen in this place.
 G = Mean time per level.
                   A        B        C        D        E       F      G
               +--------+--------+--------+--------+--------+-----+--------+
         Total |   1752 |   1725 |     27 |      0 |   1546 |   2 |  876.0 |
       Dungeon |   1752 |   1725 |     27 |      0 |   1546 |   2 |  876.0 |
               +--------+--------+--------+--------+--------+-----+--------+

Top non-repeatable levels by time:
     D:1: 1231 daAuts
     D:2: 521 daAuts
